 Dungeon Crawl Stone Soup version 0.31-a0-221-gbddc013574 (webtiles) character file.

Game seed: 17734938895731077484

1782 qw the Skirmisher (level 8, 0/70 HPs)
             Began as a Minotaur Hexslinger on July 4, 2023.
             Was a Follower of Okawaru.
             Killed from afar by a gargoyle (21 damage)
             ... with a stone arrow
             ... on level 7 of the Dungeon.
             The game lasted 00:02:01 (6148 turns).

qw the Skirmisher (Minotaur Hexslinger)             Turns: 6148, Time: 00:02:02

Health: 0/70       AC: 10    Str: 16    XL:     8   Next: 81%
Magic:  8/10       EV: 17    Int: 10    God:    Okawaru [*.....]
Gold:   207        SH:  0    Dex: 17    Spells: 8/9 levels left

rFire   + . .        Y - +2 sling (flame)
rCold   . . .        (no shield)
rNeg    . . .        l - +2 robe {rF+}
rPois   .            (helmet restricted)
rElec   .            g - +1 cloak
rCorr   .            p - +0 pair of gloves
SInv    .            a - +1 pair of boots of Lifelessness {Str+3 Dex+2}
Will    .....        (no amulet)
Stlth   +++          (no ring)
HPRegen 0.31/turn    (no ring)
MPRegen 0.12/turn

%: no passive effects
@: heroic
A: horns 2, retaliatory headbutt
a: Renounce Religion, Heroism


You were on level 7 of the Dungeon.
You worshipped Okawaru.
Okawaru was aware of your devotion.
You visited 2 branches of the dungeon, and saw 8 of its levels.

You collected 342 gold pieces.
You spent 135 gold pieces at shops.


Innate Abilities, Weirdness & Mutations

You have a pair of horns on your head.
You reflexively headbutt those who attack you in melee.


   Skills:
 - Level 6.0(11.0) Fighting
 + Level 9.2(14.2) Ranged Weapons
 - Level 3.1(8.1) Armour
 - Level 4.1(9.1) Dodging
 - Level 1.0 Spellcasting
 - Level 2.0 Hexes
 - Level 4.0 Invocations


You had 8 spell levels left.
You knew the following spells:

 Your Spells              Type           Power      Damage    Failure   Level
a - Slow                  Hex            16%        N/A       16%         1

Your spell library contained the following spells:

 Spells                   Type           Power      Damage    Failure   Level
 Inner Flame              Hex/Fire       2%         N/A       56%         3
 Portal Projectile        Hex/Tloc       4%         N/A       56%         3
 Cause Fear               Hex            2%         N/A       83%         4

Inventory:

Hand Weapons
 Y - a +2 sling of flaming (weapon)
Armour
 a - the +1 pair of boots of Lifelessness (worn) {Str+3 Dex+2}
   (You acquired it on level 4 of the Dungeon)

   Str:       It affects your strength (+3).
   Dex:       It affects your dexterity (+2).
 g - a +1 cloak (worn)
 l - a +2 robe of fire resistance (worn)
 p - a +0 pair of gloves (worn)
Scrolls
 k - a scroll of identify
 n - 3 scrolls of teleportation
Potions
 c - a potion of enlightenment
 f - 2 potions of heal wounds
 i - a potion of attraction {unknown}
 j - 2 potions of curing

Dungeon Overview and Level Annotations

Branches:
Dungeon (7/15)             Temple (1/1) D:5

Altars:
Ashenzari
Cheibriados
Dithmenos
Elyvilon
Fedhas
Gozag
Hepliaklqana
Kikubaaqudgha
Makhleb
Nemelex Xobeh
Okawaru
Qazlal
Ru
Sif Muna
Trog
Vehumet
Xom
Yredelemnul
Zin
The Shining One

Shops:
D:4 [

Annotations:
D:2 exclusion: 2 gnolls
D:3 2 transporters, qw's ghost, amateur GrHs
D:5 2 transporters


Message History

The sling bullet burns the white imp.
You kill the white imp!
Okawaru accepts your kill.
A gargoyle comes into view. It is wielding a +0 flail.
You shoot a sling bullet.
The sling bullet barely misses the gargoyle.
You shoot a sling bullet. The sling bullet hits the gargoyle!
The sling bullet burns the gargoyle.
The gargoyle is moderately damaged.
The gargoyle hurls a stone arrow at you.
The stone arrow hits you!!
You shoot a sling bullet.
The sling bullet hits the gargoyle but does no damage.
The gargoyle is moderately damaged.
You shoot a sling bullet.
The sling bullet hits the gargoyle but does no damage.
The gargoyle is moderately damaged.
The gargoyle hurls a stone arrow at you.
The stone arrow hits you!
You hear a shout!
6143 ||| INVOKING Heroism.
You gain the combat prowess of a mighty hero.
You shoot a sling bullet.
The sling bullet barely misses the gargoyle.
The gargoyle hurls a stone arrow at you.
The stone arrow misses you.
You shoot a sling bullet.
The sling bullet completely misses the gargoyle.
You shoot a sling bullet.
The sling bullet barely misses the gargoyle.
You shoot a sling bullet.
The sling bullet hits the gargoyle but does no damage.
The gargoyle is moderately damaged.
The gargoyle hits you with a +0 flail!
You shoot a sling bullet.
The sling bullet hits the gargoyle but does no damage.
The gargoyle is moderately damaged.
The gargoyle hurls a stone arrow at you.
The stone arrow hits you!!
You die...

.........
........#
........#
........#
......# .
....####..#
#9.......#
#@.# #.##
#.# #.# #.#
#.# #.# #.#
#.#


You could see a gargoyle.

Vanquished Creatures
  A steam dragon (D:6)
  2 black bears
  2 sky beasts (D:6)
  2 ogres (D:5)
  3 phantoms
  A scorpion (D:5)
  5 wights (D:5)
  2 howler monkeys
  3 hounds
  A jelly (D:4)
  A water moccasin simulacrum (D:5)
  A sleepcap (D:6)
  4 iguanas
  2 orc wizards
  A scorpion simulacrum (D:5)
  A howler monkey zombie (D:5)
  8 adders
  2 white imps
  An adder skeleton (D:5)
  3 dart slugs
  7 orcs
  2 endoplasms
  3 giant cockroaches
  6 goblins
  5 hobgoblins
  5 kobolds
  2 quokkas
  5 ball pythons
  3 bats
  4 frilled lizards
  8 rats
96 creatures vanquished.

Vanquished Creatures (collateral kills)
  A gnoll (D:2)
1 creature vanquished.

Grand Total: 97 creatures vanquished

Notes
Turn   | Place    | Note
-------+----------+-------------------------------------------
     0 | D:1      | qw the Minotaur Hexslinger began the quest for the Orb.
     0 | D:1      | Reached XP level 1. HP: 16/16 MP: 1/1
     0 | D:1      | 0 ||| qw: Version: 0.3-a-41-g9d075ac
     0 | D:1      | 0 ||| qw: Game counter: 827
     0 | D:1      | 0 ||| qw: Melee chars always use a shield: true
     0 | D:1      | 0 ||| qw: God list: Okawaru
     0 | D:1      | 0 ||| qw: Allow faded altars: false
     0 | D:1      | 0 ||| qw: Do Orc after clearing Dungeon:15 true
     0 | D:1      | 0 ||| qw: Do second Lair branch before Depths: true
     0 | D:1      | 0 ||| qw: Lair rune preference: random
     0 | D:1      | 0 ||| qw: Goals: Normal
     0 | D:1      | 0 ||| PLANNING D:1-11
   157 | D:1      | Reached skill level 3 in Ranged Weapons
   192 | D:1      | Reached XP level 2. HP: 23/23 MP: 2/2
   616 | D:1      | Found a faded altar of an unknown god.
   880 | D:1      | 880 ||| UPGRADING to +0 ring mail.
   890 | D:1      | 890 ||| DROPPING +0 robe.
   891 | D:1      | 891 ||| UPGRADING to +1 cloak.
   896 | D:1      | 896 ||| READING scroll labelled LEQOSO HOTA.
   897 | D:1      | 897 ||| DROPPING scroll of poison.
   907 | D:2      | Found a bloodstained altar of Trog.
   978 | D:2      | Reached XP level 3. HP: 26/29 MP: 3/3
  1045 | D:2      | Reached skill level 4 in Ranged Weapons
  1127 | D:2      | Reached skill level 1 in Armour
  1167 | D:2      | Identified the +5 spear "Kaxt" {protect, rElec Str-4 Int+6
                  | Dex+3}
  1296 | D:2      | Reached XP level 4. HP: 29/36 MP: 4/4
  1353 | D:2      | 1353 ||| READING scroll labelled ACHYBI MOYSCHAU.
  1606 | D:3      | Found a hazy altar of Hepliaklqana.
  1653 | D:3      | Found a transporter.
  1684 | D:3      | Noticed qw's ghost (amateur GrHs)
  1715 | D:3      | Found a transporter.
  2110 | D:3      | Reached skill level 5 in Ranged Weapons
  2347 | D:3      | 2347 ||| READING scroll labelled BOMAOSURUR.
  2350 | D:3      | 2350 ||| READING scroll labelled HOBIOGG TEGG.
  2351 | D:3      | 2351 ||| READING scroll labelled RUH AMIMEXA.
  2390 | D:4      | Identified the +4 war axe of Waroeh {flame, *Rage Int+3}
  2533 | D:4      | Reached skill level 3 in Fighting
  2533 | D:4      | Reached XP level 5. HP: 15/45 MP: 5/5
  3019 | D:4      | Found Biun's Antique Armour Boutique.
  3028 | D:4      | 3028 ||| BUYING pair of gloves (135 gold).
  3028 | D:4      | Bought a pair of gloves for 135 gold pieces
  3193 | D:4      | 3193 ||| UPGRADING to +0 pair of gloves.
  3198 | D:4      | 3198 ||| READING scroll labelled TULOZA EJEUH GIAPH.
  3199 | D:4      | 3199 ||| READING scroll labelled MACAISCHAYGI.
  3200 | D:4      | 3200 ||| READING scroll labelled JOEMUUW SITS.
  3201 | D:4      | 3201 ||| READING scroll labelled ZUSOSOERERE.
  3201 | D:4      | Identified a scroll of acquirement
  3201 | D:4      | 3201 ||| ACQUIRING +1 pair of boots of Lifelessness {Str+3
                  | Dex+2}
  3201 | D:4      | Acquired the +1 pair of boots of Lifelessness {Str+3 Dex+2}
  3203 | D:4      | 3203 ||| UPGRADING to +1 pair of boots of Lifelessness
                  | {Str+3 Dex+2}.
  3208 | D:4      | 3208 ||| READING scroll labelled PETRIEGAAS.
  3209 | D:4      | 3209 ||| DRINKING 3 pink potions.
  3249 | D:5      | Entered Level 5 of the Dungeon
  3250 | D:5      | Noticed a phantom
  3257 | D:5      | 3257 ||| STAIRDANCE
  3267 | D:4      | Killed a phantom
  3268 | D:4      | Reached skill level 6 in Ranged Weapons
  3268 | D:4      | Reached XP level 6. HP: 33/51 MP: 6/6
  3423 | D:5      | Reached skill level 3 in Armour
  3522 | D:5      | Reached XP level 7. HP: 61/61 MP: 7/7
  3539 | D:5      | Found a transporter.
  3540 | D:5      | Found a staircase to the Ecumenical Temple.
  3540 | D:5      | Found a transporter.
  3541 | D:5      | 3541 ||| PLANNING TEMPLE
  3541 | D:5      | 3541 ||| DRINKING 2 coppery potions.
  3549 | Temple   | Entered the Ecumenical Temple
  3598 | Temple   | 3598 ||| PLANNING OKAWARU WORSHIP
  3723 | Temple   | Became a worshipper of Warmaster Okawaru
  3724 | Temple   | 3724 ||| PLANNING D:1-11
  3839 | D:5      | Reached skill level 7 in Ranged Weapons
  3984 | D:5      | Found a blossoming altar of Fedhas.
  4309 | D:5      | Reached skill level 8 in Ranged Weapons
  4389 | D:5      | Reached skill level 3 in Dodging
  4396 | D:5      | Reached XP level 8. HP: 65/68 MP: 8/8
  4397 | D:5      | Reached * piety under Okawaru
  4405 | D:5      | Reached skill level 1 in Invocations
  4405 | D:5      | 4405 ||| FLEEEEING.
  4406 | D:5      | 4406 ||| FLEEEEING.
  4407 | D:5      | 4407 ||| FLEEEEING.
  4408 | D:5      | 4408 ||| FLEEEEING.
  4409 | D:5      | 4409 ||| FLEEEEING.
  4415 | D:5      | 4415 ||| INVOKING Heroism.
  4420 | D:5      | Reached skill level 9 in Ranged Weapons
  4542 | D:5      | Identified the +5 dagger "Uniosugi" {pain, MP+9 Str+2}
  4543 | D:5      | 4543 ||| UPGRADING to +2 robe of fire resistance.
  4553 | D:5      | 4553 ||| DROPPING +0 ring mail.
  4554 | D:5      | 4554 ||| READING scroll labelled NOUMAE XONESED.
  4744 | D:6      | 4744 ||| INVOKING Heroism.
  4753 | D:6      | Reached skill level 3 in Invocations
  4759 | D:6      | Reached skill level 6 in Fighting
  4907 | D:6      | 4907 ||| INVOKING Heroism.
  5943 | D:6      | 5943 ||| READING scroll labelled USUMUXZUBRO.
  5944 | D:6      | 5944 ||| DRINKING 2 smoky emerald potions.
  6049 | D:6      | 6049 ||| READING 3 scrolls of identify.
  6049 | D:6      | 6049 ||| IDENTIFYING metallic red potion
  6050 | D:6      | 6050 ||| READING 2 scrolls of identify.
  6050 | D:6      | 6050 ||| IDENTIFYING sedimented golden potion
  6051 | D:6      | 6051 ||| DROPPING potion of invisibility.
  6052 | D:6      | 6052 ||| DROPPING potion of berserk rage.
  6138 | D:7      | Noticed a gargoyle
  6143 | D:7      | 6143 ||| INVOKING Heroism.
  6148 | D:7      | Killed from afar by a gargoyle

Levels and vault maps discovered:
D:1:      minmay_arrival_four_loops, layout_basic,
          hellmonk_ecumenical_altar_prayer_group
D:2:      minmay_angry_zag, layout_rooms, basic_altar, minivault_14
D:3:      layout_basic, mainiacjoe_overflow_24_doors,
          gammafunk_ghost_stat_death, chequers_serial_rivers_micro_a,
          amethyst_killhole, minmay_misc_feat_enclosed, minmay_misc_feat_rugged,
          hangedman_feature_mirror, grunt_ministairs_6
D:4:      layout_cave_pods, serial_shops, shop
D:5:      gammafunk_steamed_eel, layout_basic, kennysheep_mini,
          minmay_temple_entry_steel_oval, dilly_guarded_unrand_morg
D:6:      nicolae_BIG_FREAKIN_CUBE, layout_layer_cave
D:7:      layout_basic, lemuel_round_altar, grunt_temple_overflow_open,
          dreamdust_gnoll_farm, uniq_duvessa, uniq_crazy_yiuf_cottage
Temple:   bh_familiar_temple

Skill      XL: |  1  2  3  4  5  6  7  8 |
---------------+-------------------------+-----
Ranged Weapons | 3 4 5 6 8 9 |  9.2
Fighting       | 2 3 5 6 |  6.0
Armour         | 1 3 |  3.1
Dodging        | 3 4 |  4.1
Invocations    | 4 |  4.0
Spellcasting   | |  1.0
Hexes          | |  2.0

Action                     |  1- 3 |  4- 6 |  7- 9 || total
---------------------------+-------+-------+-------++-------
   Fire: Sling             |   102 |   141 |   167 ||   410
 Invoke: Heroism           |       |       |     4 ||     4
    Use: Scroll            |     1 |     9 |     4 ||    14
         Potion            |       |     1 |     2 ||     3
 Armour: Robe              |     3 |       |    10 ||    13
         Ring mail         |    18 |    29 |    15 ||    62
  Dodge: Dodged            |    41 |    44 |    44 ||   129

Table legend:
 A = Non-vault XP
 B = Vault XP
 C = Vault XP percentage of total XP
 D = Non-vault monster count
 E = Vault monster count
 F = Vault count percentage of total count
                 A         B        C        D         E       F
            +---------+---------+-------+---------+---------+-------
      Total |    1857 |     689 |  27.1 |      80 |      17 |  17.5
            +---------+---------+-------+---------+---------+-------
        D:1 |      32 |       0 |   0.0 |      19 |       0 |   0.0
        D:2 |      73 |      17 |  18.9 |      16 |       2 |  11.1
        D:3 |      31 |      18 |  36.7 |      10 |       4 |  28.6
        D:4 |     219 |       0 |   0.0 |       8 |       0 |   0.0
        D:5 |     696 |     654 |  48.4 |      12 |      11 |  47.8
        D:6 |     796 |       0 |   0.0 |      14 |       0 |   0.0
        D:7 |      10 |       0 |   0.0 |       1 |       0 |   0.0
            +---------+---------+-------+---------+---------+-------
